 Dungeon Crawl Stone Soup version 0.29.1-1-gd02db6906a (webtiles) character file.

Game seed: 471210818688462094

155 GigaChad the Trooper (level 5, -5/51 HPs)
             Began as a Minotaur Fighter on Oct 6, 2022.
             Killed by divine providence
             ... invoked by an orc priest
              (15 damage)
             ... on level 3 of the Dungeon.
             The game lasted 00:03:36 (2432 turns).

GigaChad the Trooper (Minotaur Fighter)             Turns: 2432, Time: 00:03:36

Health: -5/51      AC:  8    Str: 23    XL:     5   Next: 14%
Magic:  4/4        EV:  9    Int:  5    God:
Gold:   109        SH:  4    Dex:  9    Spells: 4/4 levels left

rFire   . . .      SeeInvis .   a - +0 long sword
rCold   . . .      Faith    .   c - +0 buckler
rNeg    . . .      Spirit   .   b - +0 scale mail
rPois   .          Reflect  .   (helmet restricted)
rElec   .          Harm     .   (no cloak)
rCorr   .          Rampage  .   (no gloves)
Will    .....                   f - +0 pair of boots
Stlth   ..........              (no amulet)
HPRegen 0.17/turn               (no ring)
MPRegen 0.09/turn               (no ring)

@: no status effects
A: horns 2, retaliatory headbutt
a: no special abilities


You were on level 3 of the Dungeon.
You visited 1 branch of the dungeon, and saw 3 of its levels.

You collected 109 gold pieces.

Inventory:

Hand Weapons
 a - a +0 long sword (weapon)
Armour
 b - a +0 scale mail (worn)
 c - a +0 buckler (worn)
 f - a +0 pair of boots (worn)
Jewellery
 g - an amulet of faith
 h - a ring of protection from cold
 k - a ring of fire
Scrolls
 l - a scroll of amnesia {unknown}
 m - a scroll of identify
 n - a scroll of summoning {unknown}
 o - a scroll of poison {unknown}
 q - a scroll of teleportation {unknown}
 r - a scroll of blinking {unknown}
Potions
 d - a potion of might
 e - 2 potions of attraction {unknown}
 i - 3 potions of curing {unknown}
 j - a potion of invisibility {unknown}
 p - a potion of brilliance {unknown}


   Skills:
 + Level 6.7 Fighting
 - Level 2.5 Long Blades
 - Level 3.9 Armour
 - Level 3.9 Shields


You had 4 spell levels left.
You didn't know any spells.
Your spell library contained the following spells:

 Spells                   Type           Power      Damage    Failure   Level
 Sandblast                Erth           0%         2d4       86%         1
 Passwall                 Tmut/Erth      0%         N/A       95%         2
 Stone Arrow              Conj/Erth      0%         3d7       99%         3
 Fireball                 Conj/Fire      0%         3d3       100%        5
 Starburst                Conj/Fire      0%         6d3       100%        6
 Ignition                 Fire           0%         3d3       100%        8


Dungeon Overview and Level Annotations

Branches:
Dungeon (3/15)

Altars:
Cheibriados
Vehumet


Innate Abilities, Weirdness & Mutations

You have a pair of horns on your head.
You reflexively headbutt those who attack you in melee.


Message History

The boomerang barely misses you. Something hits you but does no damage.
Something hits you.
You closely miss something. Something hits you but does no damage.
You miss something. Your headbutt misses something. Something hits you.
You barely miss something. Your headbutt misses something. Something hits you.
The orc throws a boomerang.
The boomerang barely misses you. Something hits you but does no damage.
You barely miss something. Something hits you but does no damage.
You miss something. Your headbutt misses something.
The orc priest calls down the wrath of Beogh upon you.
Beogh smites you!
* * * LOW HITPOINT WARNING * * *
You block something's attack.
You barely miss something. Your headbutt misses something.
Something hits you but does no damage. x2
You barely miss something. Something hits you but does no damage.
You miss something. Your headbutt misses something.
You block something's attack.
You hit something. Something hits you but does no damage.
You closely miss something. Your headbutt misses something.
Something completely misses you. You block something's attack.
You miss something. Your headbutt misses something. Something hits you.
* * * LOW HITPOINT WARNING * * *
You hit something.
The orc throws a boomerang.
Reactivating autopickup.
You feel a bit more experienced.
You have reached level 5!
You closely miss the orc. You headbutt the orc.
The orc is heavily wounded.
The orc hits you with a +0 dagger.
* * * LOW HITPOINT WARNING * * *
The orc hits you but does no damage.
You closely miss the orc. You headbutt the orc.
The orc is almost dead.
The orc hits you but does no damage.
You hit the orc.
You kill the orc!
The orc priest mumbles some strange prayers to Beogh against you.
Beogh smites you!
You die...

#### ##$$$# #$8$8.###
#_oo..o.# #.8.8.#o#
######o.o #@#
#....######.# #######
#.......##..# ......
#.......##.### .....
#............#######.. .
#.............##....# .#
#..............#....##.#
#..............#.......##
######...........†......#


You could see an orc priest and an orc.

Vanquished Creatures
  An orc wizard (D:3)
  Robin (D:2)
  A gnoll (D:1)
  3 adders (D:2)
  A dart slug (D:1)
  An orc (D:3)
  6 bats
  3 endoplasms
  2 giant cockroaches
  10 goblins (D:2)
  12 hobgoblins
  2 quokkas (D:2)
  5 ball pythons
  2 frilled lizards
  2 kobolds
  2 rats (D:2)
54 creatures vanquished.

Vanquished Creatures (others)
  An orc wizard (D:3)
1 creature vanquished.

Grand Total: 55 creatures vanquished

Notes
Turn   | Place    | Note
-------+----------+-------------------------------------------
     0 | D:1      | GigaChad the Minotaur Fighter began the quest for the Orb.
     0 | D:1      | Reached XP level 1. HP: 19/19 MP: 0/0
   136 | D:1      | Reached XP level 2. HP: 7/27 MP: 1/1
   440 | D:1      | Reached skill level 4 in Fighting
  1053 | D:2      | Reached XP level 3. HP: 31/34 MP: 2/2
  1207 | D:2      | Noticed Robin
  1225 | D:2      | Reached skill level 5 in Fighting
  1229 | D:2      | Killed Robin
  1670 | D:2      | Reached XP level 4. HP: 41/42 MP: 3/3
  1859 | D:2      | Found a faded altar of an unknown god.
  2118 | D:2      | Reached skill level 6 in Fighting
  2267 | D:3      | Found a large runed translucent door.
  2267 | D:3      | Found a large runed translucent door.
  2298 | D:3      | Found a snail-covered altar of Cheibriados.
  2307 | D:3      | Found a radiant altar of Vehumet.
  2430 | D:3      | Reached XP level 5. HP: 13/51 MP: 4/4
  2432 | D:3      | Killed from afar by an orc priest

Illustrated notes

Levels and vault maps discovered:
D:1:      dpeg_arrival_rooms_a, layout_basic
D:2:      layout_loops_ring, dreamdust_ecumenical_altar_statues,
          minmay_shallow_snake_nest, uniq_robin
D:3:      layout_rooms, mainiacjoe_overflow_brackets,
          nicolae_qazlal_style_of_elements, jmf_multi_god_temple2,
          kennysheep_orc_chapel

Skill      XL: |  1  2  3  4 |
---------------+-------------+-----
Fighting       | 4 5 6 |  6.7
Long Blades    | |  2.5
Armour         | |  3.9
Shields        | |  3.9

Action                   |  1- 3 |  4- 6 || total
-------------------------+-------+-------++-------
Melee: Long sword        |    75 |    68 ||   143
       Headbutt          |     6 |    11 ||    17
  Use: Scroll            |     2 |       ||     2
Armor: Scale mail        |    63 |    57 ||   120
Dodge: Dodged            |    59 |    46 ||   105
Block: Buckler           |    27 |    12 ||    39
